 Dungeon Crawl Stone Soup version 0.16.1-16-gc44b35d (webtiles) character file.

54 Inchmeat the Firebug (level 3, -2/19 HPs)
             Began as a Gargoyle Fire Elementalist on Apr 20, 2015.
             Slain by a gnoll
             ... wielding a +0 whip
              (6 damage)
             ... on level 3 of the Dungeon.
             The game lasted 00:04:37 (1271 turns).

Inchmeat the Firebug (Gargoyle Fire Elementalist)   Turns: 1271, Time: 00:04:37

Health: -2/19      AC:  7    Str: 11    XL:     3   Next: 91%
Magic:  6/6        EV: 11    Int: 16    God:
Gold:   152        SH:  0    Dex: 10    Spells: 2 memorised, 2 levels left

rFire  . . .     SeeInvis .     (no weapon)
rCold  . . .     Clarity  .     l - +0 leather armour (curse)
rNeg   + . .     SustAb   .     (no shield)
rPois  ∞         Gourm    .     (no helmet)
rElec  +         Spirit   .     (no cloak)
rCorr  .         Warding  .     i - +0 pair of gloves
rMut   .         Stasis   .     (no boots)
MR     .....                    (no amulet)
Stlth  +++.......               (no ring)
                                e - ring of stealth

@: not resistant to hostile enchantments, fairly stealthy
A: negative energy resistance 1, electricity resistance, unbreathing,
petrification resistance, rot immunity, AC +3
a: no special abilities


You were on level 3 of the Dungeon.
You were very hungry.

You visited 1 branch of the dungeon, and saw 3 of its levels.

You collected 152 gold pieces.

Inventory:

Armour
 a - a +0 robe
 i - a +0 pair of gloves (worn)
 l - a cursed +0 leather armour (worn)
Jewellery
 e - a ring of stealth (left hand)
Scrolls
 f - a scroll of immolation {unknown}
 g - 2 scrolls of enchant weapon {unknown}
 h - a scroll of teleportation {unknown}
 k - a scroll of fog {unknown}
Potions
 d - a potion of brilliance {unknown}
Books
 b - a book of Flames

   Spells                             Type                      Level
   a - Flame Tongue                   Conjuration/Fire             1
   b - Throw Flame                    Conjuration/Fire             2
   c - Conjure Flame                  Conjuration/Fire             3
   d - Inner Flame                    Hexes/Fire                   3
   e - Sticky Flame                   Conjuration/Fire             4
   f - Fireball                       Conjuration/Fire             5
Comestibles
 c - a bread ration


   Skills:
 - Level 0.2 Fighting
 - Level 2.0 Dodging
 - Level 2.4 Stealth
 - Level 2.2 Spellcasting
 * Level 2.2 Conjurations
 - Level 3.5 Fire Magic


You had 2 spell levels left.
You knew the following spells:

 Your Spells              Type           Power        Failure   Level  Hunger
a - Flame Tongue          Conj/Fire      ##...        12%         1    #......
b - Conjure Flame         Conj/Fire      ##......     30%         3    ###....


Dungeon Overview and Level Annotations

Branches:
Dungeon (3/15)

Altars:


Innate Abilities, Weirdness & Mutations

You are resistant to torment.
You are immune to poison.
Your stone body is very resilient (AC +3).
You resist negative energy.
You are resistant to electric shocks.
You can survive without breathing.
You are immune to petrification.
You are immune to rotting.


Message History

Press: ? - help, Shift-Dir - straight line, f/p - adder
Aim: an adder The flame tongue misses the adder.
The adder bites you but does no damage. The gnoll barely misses you.
Casting: Flame Tongue
Confirm with . or Enter, or press ? or * to list all spells.
Aiming: Flame Tongue
Press: ? - help, Shift-Dir - straight line, f/p - adder
Aim: an adder The flame tongue hits the adder.
You kill the adder!
The gnoll hits you but does no damage. The gnoll barely misses you.
You see here an adder corpse.
Your magical contamination has completely faded away.
You are feeling very hungry.
Found 19 stones.
You see here 19 stones.
The gnoll hits you with a whip.
You die...

### #################.#
#...........(......
#.###############.# #.#
#........[>.#.#
#######g###.#########.#.#
#.......@##.# #.#.#
#........##.# #.#.#
#........##.# #.#.#
#...........# #.#.#
..........## #.#.#
###......# #.#.# #......#
#.#.#
###'#+###########.#.# #.#
#.........#.#


You could see a gnoll.

Vanquished Creatures
  A gnoll (D:2)
  An adder (D:3)
  A worm (D:1)
  2 giant geckos (D:1)
  7 bats (D:1)
  A hobgoblin (D:1)
  6 kobolds
  2 ball pythons
  5 giant newts
  5 goblins
  A rat (D:1)
32 creatures vanquished.

Notes
Turn   | Place    | Note
--------------------------------------------------------------
     0 | D:1      | Inchmeat, the Gargoyle Fire Elementalist, began the quest for the Orb.
     0 | D:1      | Reached XP level 1. HP: 10/10 MP: 3/3
   183 | D:1      | Reached XP level 2. HP: 9/15 MP: 1/4
   720 | D:1      | Reached XP level 3. HP: 16/19 MP: 4/6
  1104 | D:2      | Learned a level 3 spell: Conjure Flame
  1271 | D:3      | Slain by a gnoll

Action                   || total
-------------------------++-------
Melee: Unarmed           ||    64
 Cast: Flame Tongue      ||    56
 Stab: Sleeping          ||     1
  Eat: Chunk             ||     1
